 Dungeon Crawl Stone Soup version 0.15-a0-970-ga23ad50 (webtiles) character file.

91 Amnesiac the Sneak (level 4, -6/27 HPs)
             Began as a Halfling Enchanter on May 23, 2014.
             Mangled by nht's ghost (23 damage)
             ... on Level 3 of the Dungeon.
             The game lasted 00:05:33 (1031 turns).

Amnesiac the Sneak (Halfling Enchanter)             Turns: 1031, Time: 00:05:33

HP  -6/27        AC  4     Str  5      XL: 4   Next: 87%
MP   0/6         EV 15     Int 16      God:
Gold 40          SH  0     Dex 16      Spells:  3 memorised,  0 levels left

rFire  + . .     SeeInvis .     a - +1,+2 dagger
rCold  . . .     Clarity  .     l - +2 robe {MR+}
rNeg   . . .     Conserve .     (no shield)
rPois  .         rCorr    .     (no helmet)
rElec  .         rRot     .     (no cloak)
SustAb .         Spirit   .     (no gloves)
rMut   .         Warding  .     (no boots)
Gourm  .         Stasis   .     (no amulet)
MR     +....                    (no ring)
                                j - ring of protection from fire

@: somewhat resistant to hostile enchantments, fairly stealthy
A: mutation resistance 1
a: no special abilities


You were on level 3 of the Dungeon.
You were hungry.

You visited 1 branch of the dungeon, and saw 3 of its levels.

You collected 40 gold pieces.

Inventory:

Hand weapons
 a - a +1,+2 dagger (weapon)
Missiles
 d - 12 darts (quivered)
 k - 3 needles of slowing
Armour
 l - a +2 robe of magic resistance (worn)
Comestibles
 f - 3 bread rations
 g - a chunk of bat flesh
Scrolls
 i - a scroll of immolation
Jewellery
 j - a ring of protection from fire (left hand)
Books
 c - a book of Maledictions

   Spells                             Type                      Level
   *Corona                            Hexes                        1
   Sure Blade                         Hexes/Charms                 2
   *Ensorcelled Hibernation           Hexes/Ice                    2
   *Confuse                           Hexes                        3
   Dazzling Spray                     Conjuration/Hexes            3
   Enslavement                        Hexes                        4


   Skills:
 + Level 3.4 Short Blades
 - Level 1.3 Throwing
 - Level 2.4 Dodging
 + Level 4.0 Stealth
 - Level 1.5 Spellcasting
 * Level 3.3 Hexes
 - Level 1.0 Ice Magic


You couldn't memorise any spells.
You knew the following spells:

 Your Spells              Type           Power        Failure   Level  Hunger
a - Corona                Hex            ##.....      8%          1    ##.....
f - Confuse               Hex            ##......     17%         3    ####...
z - Ensorcelled Hibernat  Hex/Ice        #.....       14%         2    ###....


Dungeon Overview and Level Annotations

Branches:
Dungeon (3/15)

Altars:
Gozag
Makhleb
Vehumet

Annotations:
D:3 nht's ghost, average TrFi


Innate Abilities, Weirdness & Mutations

You are small and have problems with some larger weapons.
You are somewhat resistant to further mutation.


Message History

Casting: Ensorcelled Hibernation
Confirm with . or Enter, or press ? or * to list all spells.
Okay, then.
Unknown command.
You hit nht's ghost but do no damage. Nht's ghost closely misses you.
You hit nht's ghost.
Nht's ghost is lightly damaged.
Nht's ghost hits you!
Casting: Ensorcelled Hibernation
Confirm with . or Enter, or press ? or * to list all spells.
You don't know that spell.
Unknown command.
Casting: Ensorcelled Hibernation
Confirm with . or Enter, or press ? or * to list all spells.
Aiming: Confuse
Press: ? - help, Shift-Dir - straight line, f/p - orc
Aim: an orc (lightly wounded) Nht's ghost easily resists.
Nht's ghost hits you!!
Ouch! That really hurt!
You die...

## #. ##8## #..###
##8...8 ......#
####...... .......#
#@#_...... ........#
#W##......
........#######o##8...8.
...........oo..o# #8##
..........######.# #
b.........## ##.#
g..........# .#
........#.## .#
#########.o# .#


You could see nht's ghost and 2 orcs.

Vanquished Creatures
  Jessica (D:2)
  3 adders
  A worm (D:2)
  A giant mite (D:2)
  A giant gecko (D:2)
  An orc (D:3)
  6 bats
  3 giant cockroaches
  5 goblins
  3 hobgoblins
  3 kobolds
  A quokka (D:3)
  A ball python (D:2)
  4 giant newts
  2 rats (D:2)
36 creatures vanquished.

Vanquished Creatures (collateral kills)
  A bat (D:3)
1 creature vanquished.

Grand Total: 37 creatures vanquished

Notes
Turn   | Place    | Note
--------------------------------------------------------------
     0 | D:1      | Amnesiac, the Halfling Enchanter, began the quest for the Orb.
     0 | D:1      | Reached XP level 1. HP: 11/11 MP: 2/2
    57 | D:2      | Noticed Jessica
   110 | D:1      | Reached XP level 2. HP: 12/17 MP: 3/3
   152 | D:1      | Learned a level 2 spell: Ensorcelled Hibernation
   231 | D:2      | Reached skill level 3 in Hexes
   340 | D:2      | Reached skill level 1 in Ice Magic
   340 | D:2      | Reached XP level 3. HP: 13/21 MP: 5/5
   663 | D:3      | Reached XP level 4. HP: 23/27 MP: 3/6
   668 | D:3      | Learned a level 3 spell: Confuse
   730 | D:2      | Found an opulent altar of Gozag.
   945 | D:2      | Killed Jessica
   988 | D:3      | Found a radiant altar of Vehumet.
  1007 | D:3      | Reached skill level 4 in Stealth
  1021 | D:3      | Found a burning altar of Makhleb.
  1022 | D:3      | Noticed nht's ghost (average TrFi)
  1031 | D:3      | Mangled by nht's ghost

Action                   |  1- 3 |  4- 6 || total
-------------------------+-------+-------++-------
Melee: Dagger            |    73 |    49 ||   122
 Cast: Corona            |     1 |       ||     1
       Ensorcelled Hiber |     8 |     3 ||    11
       Confuse           |       |     3 ||     3
  Use: Scroll            |     2 |     1 ||     3
       Potion            |       |     1 ||     1
 Stab: Sleeping          |     7 |     3 ||    10
       Confused          |       |     1 ||     1
